 Dungeon Crawl Stone Soup version 0.29-a0-9-g022ca4c890 (webtiles) character file.

Game seed: 18015328703916489376

366 Grim the Basher (level 6, -6/51 HPs)
             Began as a Minotaur Berserker on Jan 28, 2022.
             Was a Believer of Trog.
             Mangled by a gnoll (17 damage)
             ... on level 3 of the Dungeon.
             The game lasted 00:04:09 (3367 turns).

Grim the Basher (Minotaur Berserker)                Turns: 3367, Time: 00:04:10

Health: -6/51      AC:  3    Str: 22    XL:     6   Next: 40%
Magic:  5/5        EV: 11    Int:  6    God:    Trog [**....]
Gold:   101        SH:  0    Dex:  9    Spells: 5/5 levels left

rFire   . . .      SeeInvis +   a - +0 mace
rCold   . . .      Faith    .   (no shield)
rNeg    + . .      Spirit   .   s - +0 leather armour
rPois   .          Reflect  .   (helmet restricted)
rElec   .          Harm     .   (no cloak)
rCorr   .          Rampage  .   (no gloves)
Will    .....                   (no boots)
Stlth   +.........              (no amulet)
HPRegen 0.17/turn               g - ring of positive energy
MPRegen 0.09/turn               o - ring of see invisible

@: on berserk cooldown
A: horns 2, retaliatory headbutt
a: Renounce Religion, Berserk, Trog's Hand


You were on level 3 of the Dungeon.
You worshipped Trog.
Trog was pleased with you.
You visited 1 branch of the dungeon, and saw 3 of its levels.

You collected 101 gold pieces.

Inventory:

Hand Weapons
 a - a +0 mace (weapon)
Missiles
 e - 2 throwing nets
 h - 10 poisoned darts (quivered)
Armour
 b - a +0 animal skin
 s - a +0 leather armour (worn)
Jewellery
 g - a ring of positive energy (left hand)
 o - a ring of see invisible (right hand)
 u - a ring of positive energy
Wands
 t - a wand of charming (7)
Scrolls
 c - a scroll of fear {unknown}
 f - a scroll of torment {unknown}
 k - a scroll of fog {unknown}
 l - a scroll of teleportation
 n - a scroll of amnesia {unknown}
 p - a scroll of identify {unknown}
 q - a scroll of enchant armour {unknown}
Potions
 d - a potion of lignification {unknown}
 i - a potion of mutation {unknown}
 j - a potion of cancellation {unknown}
 m - 2 potions of haste {unknown}
 r - a potion of magic {unknown}


   Skills:
 - Level 3.6 Fighting
 + Level 8.8 Maces & Flails
 - Level 2.4 Armour
 - Level 2.1 Dodging


You had 5 spell levels left.
You didn't know any spells.
Your spell library was empty.

Dungeon Overview and Level Annotations

Branches:
Dungeon (3/15)

Altars:
Dithmenos
Ru

Shops:
D:2 ?

Annotations:
D:3 1 transporter


Innate Abilities, Weirdness & Mutations

You have a pair of horns on your head.
You reflexively headbutt those who attack you in melee.


Message History

* * * LOW HITPOINT WARNING * * *
Unknown command.
You feel better.
The gnoll zaps a wand.
You resist with almost no effort. The gnoll closely misses you.
You furiously retaliate!
You headbutt the gnoll! You sock the gnoll!
You kill the gnoll!
Trog accepts your kill.
e - 2 throwing nets;
t - a wand of charming (7)
Things that are here:
a +0 club; a +0 flail; a gnoll corpse
u - a ring of positive energy You now have 101 gold pieces (gained 29).
There is an open translucent door here.
Things that are here:
a +0 whip; 19 stones; a gnoll corpse You feel the effects of Trog's Hand fading.
Things that are here:
a +0 club; a +0 flail; a gnoll corpse
There is a transporter landing site here.
You see here a +0 whip.
You start resting.
Your skin stops crawling.
You feel less strong-willed.
You start resting.
A gnoll is nearby!
The gnoll shouts!
Things that are here:
a +0 club; a +0 flail; a gnoll corpse The gnoll hits you from afar with the +5 halberd "Xioropu" {vamp, rF++}!
* * * LOW HITPOINT WARNING * * *
There is an open translucent door, spattered with blood here.
Things that are here:
a +0 whip; 19 stones; a gnoll corpse The gnoll shouts!
You feel yourself speed up.
The gnoll hits you with the +5 halberd "Xioropu" {vamp, rF++}.
* * * LOW HITPOINT WARNING * * *
You hit the gnoll.
The gnoll is moderately wounded.
The gnoll hits you with the +5 halberd "Xioropu" {vamp, rF++}!
You die...

#.########.# ###
###.#######..#############..
######...........................
........≈≈≈≈≈≈≈≈≈≈≈...≈≈≈≈≈≈≈≈≈≈≈
........≈≈≈≈≈≈≈≈≈≈≈...≈≈≈≈≈≈≈≈≈≈≈
........≈≈#####...[.......#####≈≈
........≈≈#...#.###.©.###.#..W#≈≈
........≈≈#...###.#####©###.[.#≈≈
........≈≈###.g.@g..........###≈≈
........≈≈.8#.######)######.#8.≈≈
........≈≈.##.#...#8).#.⌠.#.##.≈≈
........≈≈.#g.'..:#⌠©)....'..#.≈≈
........≈≈.##.#...#8..#.⌠.#.##.≈≈
........≈≈.8#.######'######.#8.≈≈
#.#####.≈≈###...............###≈≈
#.####..≈≈#gg.###.#####g###..g#≈≈
........≈≈#...#.###.©.###.#...#≈≈


You could see 2 gnolls.

Vanquished Creatures
  Sigmund (D:2)
  The ghost of UristMcRaven the Conjurer, a weakling DECj (D:3)
  An orc wizard (D:3)
  A hound skeleton (D:2)
  5 gnolls (D:3)
  2 worms (D:2)
  2 dart slugs
  3 orcs (D:3)
  4 endoplasms
  3 giant cockroaches
  3 goblins
  6 hobgoblins
  5 jackals (D:1)
  10 quokkas
  4 ball pythons (D:2)
  4 bats
  5 frilled lizards
  7 kobolds
  4 rats
71 creatures vanquished.

Vanquished Creatures (others)
  6 plants (D:3)
6 creatures vanquished.

Grand Total: 77 creatures vanquished

Notes
Turn   | Place    | Note
-------+----------+-------------------------------------------
     0 | D:1      | Grim the Minotaur Berserker began the quest for the Orb.
     0 | D:1      | Reached XP level 1. HP: 19/19 MP: 0/0
     5 | D:1      | Found a faded altar of an unknown god.
   272 | D:1      | Reached skill level 4 in Maces & Flails
   394 | D:1      | Reached XP level 2. HP: 22/26 MP: 1/1
   879 | D:1      | Reached skill level 5 in Maces & Flails
  1064 | D:2      | Reached XP level 3. HP: 31/31 MP: 2/2
  1092 | D:2      | Reached ** piety under Trog
  1092 | D:2      | Noticed Sigmund
  1307 | D:2      | Killed Sigmund
  1308 | D:2      | Reached skill level 7 in Maces & Flails
  1308 | D:2      | Reached XP level 4. HP: 39/39 MP: 3/3
  1308 | D:2      | Reached XP level 5. HP: 45/45 MP: 4/4
  1422 | D:2      | Found Tiyjiwka's Magic Scroll Emporium.
  2134 | D:3      | Found a sacrificial altar of Ru.
  2203 | D:3      | Found a shadowy altar of Dithmenos.
  2238 | D:3      | Reached skill level 8 in Maces & Flails
  2354 | D:3      | Found a transporter.
  2354 | D:3      | Found a transporter.
  2376 | D:3      | Identified the +5 halberd "Xioropu" {vamp, rF++}
  2658 | D:3      | Noticed UristMcRaven's ghost (weakling DECj)
  2933 | D:3      | Reached XP level 6. HP: 32/51 MP: 5/5
  3337 | D:3      | Killed UristMcRaven's ghost
  3367 | D:3      | Mangled by a gnoll

Illustrated notes

Levels and vault maps discovered:
D:1:      minmay_arrival_glassed_features, layout_basic,
          hellmonk_ecumenical_altar_pennies_from_heaven,
          hangedman_abyss_or_decor_lesser_grid
D:2:      layout_loops_ring, serial_shops, nicolae_shop_waterfront,
          wad_floor_pattern_2, uniq_sigmund
D:3:      layout_basic, grunt_dithmenos_smoke_and_mirrors, old_standard_altar,
          gammafunk_ghost_gnarly_gnolls

Skill      XL: |  1  2  3  4  5 |
---------------+----------------+-----
Maces & Flails | 4 5 7 8 |  8.8
Fighting       | |  3.6
Armour         | |  2.4
Dodging        | |  2.1

Action                   |  1- 3 |  4- 6 || total
-------------------------+-------+-------++-------
Melee: Mace              |    50 |    82 ||   132
       Headbutt          |     7 |    10 ||    17
       Punch             |       |     1 ||     1
Invok: Berserk           |     3 |     1 ||     4
       Trog's Hand       |       |     1 ||     1
  Use: Potion            |       |     2 ||     2
       Scroll            |       |     1 ||     1
Armor: Animal skin       |     9 |    11 ||    20
       Leather armour    |       |     1 ||     1
Dodge: Dodged            |    45 |    45 ||    90

Table legend: (Time is in decaauts)
 A = Elapsed time spent in this place.
 B = Non-inter-level travel time spent in this place.
 C = Inter-level travel time spent in this place.
 D = Time resting spent in this place.
 E = Time spent auto-exploring this place.
 F = Levels seen in this place.
 G = Mean time per level.
                   A        B        C        D        E       F      G
               +--------+--------+--------+--------+--------+-----+--------+
         Total |   3417 |   3237 |    180 |    598 |   2073 |   3 | 1139.0 |
       Dungeon |   3417 |   3237 |    180 |    598 |   2073 |   3 | 1139.0 |
               +--------+--------+--------+--------+--------+-----+--------+

Top non-repeatable levels by time:
     D:3: 1246 daAuts
     D:1: 1206 daAuts
     D:2: 964 daAuts
